 Dungeon Crawl Stone Soup version 0.28-a0-1624-g820543e53a (webtiles) character file.

Game seed: 5257072706413668014

41 timneilson the Shield-Bearer (level 3, -1/23 HPs)
             Began as a Gargoyle Fighter on Jan 23, 2022.
             Frozen to death by an endoplasm (3 damage)
             ... on level 2 of the Dungeon.
             The game lasted 00:01:38 (1576 turns).

timneilson the Shield-Bearer (Gargoyle Fighter)     Turns: 1576, Time: 00:01:40

Health: -1/23      AC: 10    Str: 21    XL:     3   Next: 52%
Magic:  3/3        EV:  9    Int:  8    God:
Gold:   58         SH:  4    Dex:  9    Spells: 2/2 levels left

rFire   . . .      SeeInvis .   a - +0 long sword
rCold   . . .      Faith    .   c - +0 buckler
rNeg    + . .      Spirit   .   b - +0 scale mail
rPois   ∞          Reflect  .   (no helmet)
rElec   +          Harm     .   (no cloak)
rCorr   .          Rampage  .   (no gloves)
Will    .....                   (no boots)
Stlth   ..........              (no amulet)
HPRegen 0.07/turn               i - ring of flight
MPRegen 0.08/turn               (no ring)

@: flying
A: sickness immunity, AC +3, negative energy resistance 1, electricity
resistance, torment resistance 1, petrification resistance
a: no special abilities


You were on level 2 of the Dungeon.
You visited 1 branch of the dungeon, and saw 2 of its levels.

You collected 58 gold pieces.

Inventory:

Hand Weapons
 a - a +0 long sword (weapon)
Armour
 b - a +0 scale mail (worn)
 c - a +0 buckler (worn)
Jewellery
 i - a ring of flight (left hand)
Scrolls
 e - a scroll of amnesia {unknown}
 f - a scroll of teleportation
Potions
 d - a potion of might
 h - 2 potions of curing


   Skills:
 + Level 3.5 Fighting
 * Level 2.2 Long Blades
 * Level 3.7 Armour
 + Level 0.3 Dodging
 * Level 3.8 Shields


You had 2 spell levels left.
You didn't know any spells.
Your spell library contained the following spells:

 Spells                   Type           Power      Damage    Failure   Level
 Corpse Rot               Necr/Air       0%         N/A       92%         2
 Poisonous Vapours        Pois/Air       0%         N/A       92%         2
 Gell's Gravitas          Tloc           0%         N/A       99%         3
 Teleport Other           Tloc           0%         N/A       99%         3
 Dispersal                Tloc           0%         N/A       100%        6


Dungeon Overview and Level Annotations

Branches:
Dungeon (2/15)

Altars:


Innate Abilities, Weirdness & Mutations

You are immune to sickness and miasma.
Your stone body is resilient. (AC +3)
You are immune to poison.
You resist negative energy. (rN+)
You are resistant to electric shocks. (rElec)
You are resistant to unholy torment.
You are immune to petrification.


Message History

You kill the rat!
The quokka bites you. The quokka closely misses you.
You hit the quokka.
The quokka is severely wounded.
The quokka bites you. You block the endoplasm's attack.
The endoplasm freezes you.
You are frozen.
The quokka barely misses you.
You closely miss the quokka.
The quokka is severely wounded.
The quokka bites you but does no damage.
The endoplasm freezes you.
You are frozen.
You are too injured to fight recklessly!
You are too injured to fight recklessly!
You are too injured to fight recklessly!
You are too injured to fight recklessly!
You are too injured to fight recklessly!
You are too injured to fight recklessly!
You are too injured to fight recklessly!
You are too injured to fight recklessly!
You are too injured to fight recklessly!
You are too injured to fight recklessly!
You are too injured to fight recklessly!
You are too injured to fight recklessly!
You are too injured to fight recklessly!
You are too injured to fight recklessly!
You are too injured to fight recklessly!
You are too injured to fight recklessly!
You hit the endoplasm but do no damage. The quokka misses you.
The endoplasm freezes you.
You are frozen.
The quokka bites you but does no damage.
You hit the endoplasm but do no damage. The endoplasm freezes you.
You are frozen.
* * * LOW HITPOINT WARNING * * *
The quokka bites you but does no damage.
The endoplasm freezes you.
You are frozen.
You die...

....#.# #...........#
....#.# ####...######
....#.# #...# ......#
#...# ..#.### #...# ##
..#.# #...# ####...
....# #...# .......
..#.########...##..$(...
.<#.#.....<.....@r......
.................J......
###.#...................
###.########...##.......
....# #...# .......
##### #...# ###.#.#
#...# .... #... #.


You could see an endoplasm and a quokka.

Vanquished Creatures
  A dart slug (D:1)
  3 ball pythons (D:1)
  2 endoplasms
  2 giant cockroaches
  3 goblins
  5 hobgoblins
  4 jackals
  A quokka (D:1)
  3 bats
  5 frilled lizards (D:1)
  7 rats
36 creatures vanquished.

Notes
Turn   | Place    | Note
-------+----------+-------------------------------------------
     0 | D:1      | timneilson the Gargoyle Fighter began the quest for the
                  | Orb.
     0 | D:1      | Reached XP level 1. HP: 14/14 MP: 1/1
   217 | D:1      | Reached XP level 2. HP: 14/19 MP: 2/2
   917 | D:1      | Found a faded altar of an unknown god.
   946 | D:1      | Reached XP level 3. HP: 23/23 MP: 3/3
  1576 | D:2      | Frozen to death by an endoplasm

Illustrated notes

Levels and vault maps discovered:
D:1:      wander_arrival_abandoned_jail, layout_loops_corners, serial_forest,
          infiniplex_forest_lined_2, infiniplex_forest_straight_3,
          infiniplex_forest_clump_small, infiniplex_forest_side_room,
          infiniplex_forest_straight_2, shapermc_ecumenical_altar_mp_highgroup,
          hangedman_decor_points, item_on_display_a
D:2:      layout_loops_cross, uniq_robin

Skill      XL: |  1  2 |
---------------+-------+-----
Long Blades    | 2 |  2.2
Fighting       | |  3.5
Armour         | |  3.7
Dodging        | |  0.3
Shields        | |  3.8

Action                   || total
-------------------------++-------
Melee: Long sword        ||   108
  Use: Scroll            ||     3
Armor: Scale mail        ||    66
Dodge: Dodged            ||    56
Block: Buckler           ||    29

Table legend: (Time is in decaauts)
 A = Elapsed time spent in this place.
 B = Non-inter-level travel time spent in this place.
 C = Inter-level travel time spent in this place.
 D = Time resting spent in this place.
 E = Time spent auto-exploring this place.
 F = Levels seen in this place.
 G = Mean time per level.
                   A        B        C        D        E       F      G
               +--------+--------+--------+--------+--------+-----+--------+
         Total |   1610 |   1593 |     17 |     24 |   1295 |   2 |  805.0 |
       Dungeon |   1610 |   1593 |     17 |     24 |   1295 |   2 |  805.0 |
               +--------+--------+--------+--------+--------+-----+--------+

Top non-repeatable levels by time:
     D:1: 1289 daAuts
     D:2: 321 daAuts
